 Dungeon Crawl Stone Soup version 0.19.0-11-g3fc08b3 (webtiles) character file.

56 mistymad the Ruffian (level 3, -3/31 HPs)
             Began as a Naga Transmuter on Nov 8, 2016.
             Killed from afar by Sigmund (8 damage)
             ... with a puff of flame
             ... on level 2 of the Dungeon.
             The game lasted 00:04:07 (1513 turns).

mistymad the Ruffian (Naga Transmuter)              Turns: 1513, Time: 00:04:08

Health: -3/31      AC:  2    Str: 12    XL:     3   Next: 97%
Magic:  0/7        EV: 19    Int: 14    God:
Gold:   68         SH:  0    Dex: 16    Spells: 3 memorised, 1 level left

rFire  . . .     SeeInvis +       - Unarmed
rCold  . . .     Gourm    .     (armour currently unavailable)
rNeg   . . .     Faith    .     (shield currently unavailable)
rPois  x         Spirit   .     (helmet currently unavailable)
rElec  .         Reflect  .     (cloak currently unavailable)
rCorr  .         Harm     .     (gloves currently unavailable)
MR     .....                    (no barding)
Stlth  +.........               e - amulet of rage
                                j - ring of wizardry
                                (no ring)

@: spider-form (expiring)
A: see invisible, (deformed body), (poison resistance), (slowness 0), slow
metabolism 1, spit poison 1, AC +1
a: Spit Poison, End Transformation, Evoke Berserk Rage


You were on level 2 of the Dungeon.
You were not hungry.
You were a venomous arachnid creature.
You visited 1 branch of the dungeon, and saw 2 of its levels.

You collected 68 gold pieces.

Inventory:

Missiles
 a - 45 arrows
Armour
 b - a +0 robe (melded)
Jewellery
 e - an amulet of rage (around neck)
 f - a +4 amulet of reflection {unknown}
 g - an uncursed ring of fire
 j - a ring of wizardry (right front leg)
Wands
 p - a wand of iceblast (7/15)
Scrolls
 l - a scroll of magic mapping {unknown}
 o - 2 scrolls of identify {unknown}
Potions
 h - 2 potions of curing {unknown}
 i - 2 potions of heal wounds {unknown}
 m - a potion of resistance {unknown}
 q - a potion of mutation {unknown}
Books
 c - a book of Changes

   Spells                             Type                      Level
   a - Beastly Appendage              Transmutation                1
   b - Sticks to Snakes               Transmutation                2
   c - Spider Form                    Transmutation/Poison         3
   d - Ice Form                       Ice/Transmutation            4
   e - Blade Hands                    Transmutation                5
Comestibles
 d - 2 bread rations
 k - a meat ration
 n - 3 chunks of flesh


   Skills:
 + Level 1.3 Fighting
 - Level 1.5 Dodging
 + Level 3.5 Unarmed Combat
 + Level 2.6 Spellcasting
 + Level 2.8 Transmutations


You had one spell level left.
You knew the following spells:

 Your Spells              Type           Power        Failure   Level  Hunger
a - Beastly Appendage     Tmut           #.....       10%         1    #......
b - Sticks to Snakes      Tmut           #.......     12%         2    ###....
c - Spider Form           Tmut/Pois      #.........   30%         3    ###....


Dungeon Overview and Level Annotations

Branches:
Dungeon (2/15)

Altars:

Annotations:
D:2 Sigmund


Innate Abilities, Weirdness & Mutations

You cannot wear boots.
((Your serpentine skin is tough. (AC +1)))
You have supernaturally acute eyesight. (SInv)
((Armour fits poorly on your strangely shaped body.))
((Your system is resistant to poisons. (rPois)))
((You cover ground very slowly.))
You have a slow metabolism.
You can spit poison.


Message History

Your ball python closely misses Sigmund.
Sigmund closely misses you.
You hit Sigmund.
Sigmund is poisoned.
Sigmund is moderately wounded.
Your ball python seems less confused.
Your ball python bites Sigmund but does no damage.
Your ball python closely misses Sigmund.
You hit Sigmund but do no damage.
Sigmund is moderately wounded.
Your ball python barely misses Sigmund. x2; Sigmund hits you with a scythe!
* * * LOW HITPOINT WARNING * * *
You take 13 damage, and have 5/31 hp.
MASSIVE DAMAGE!!
Unknown command.
You hit Sigmund.
Sigmund is moderately wounded.
Your transformation is almost over.
Your ball python withers and dies! x2
Sigmund points at you and mumbles some strange words.
The puff of flame hits you!
You die...

...........##.#....##.##.#)...#..
...#......# #.#....##.#..#...####
#..##########.#....##.#.#..#.#
##...# #..#....##.#....#.#
#......####.#........#..#.#.#
#####l......#.....####..#.#.# ..
#.......$####..#.#
#...##.##...........
........@s...##.... #
####.........# ..##.
#............. #...........##.#
#..#........# ...#..$.....##
....).......# ............#


You could see Sigmund.

Vanquished Creatures
  An adder (D:2)
  3 dart slugs (D:1)
  A leopard gecko (D:2)
  A giant cockroach (D:1)
  5 goblins (D:1)
  6 hobgoblins
  3 jackals (D:1)
  A quokka (D:2)
  3 bats
  3 frilled lizards
  5 kobolds
  5 rats
37 creatures vanquished.

Notes
Turn   | Place    | Note
-------+----------+-------------------------------------------
     0 | D:1      | mistymad the Naga Transmuter began the quest for the Orb.
     0 | D:1      | Reached XP level 1. HP: 18/18 MP: 3/3
   105 | D:1      | Reached XP level 2. HP: 19/25 MP: 3/5
   351 | D:1      | Learned a level 2 spell: Sticks to Snakes
   367 | D:1      | Reached XP level 3. HP: 30/31 MP: 6/6
   372 | D:1      | Learned a level 3 spell: Spider Form
  1109 | D:2      | Found a faded altar of an unknown god.
  1488 | D:2      | Noticed Sigmund
  1513 | D:2      | Killed from afar by Sigmund

Action                   || total
-------------------------++-------
Melee: Unarmed           ||   112
       Headbutt          ||     1
 Cast: Beastly Appendage ||     2
       Spider Form       ||     5
       Sticks to Snakes  ||     3
 Abil: Spit Poison       ||    11
  Eat: Chunk             ||     3
Armor: Robe              ||    20
       Skin              ||     3
Dodge: Dodged            ||    70
